 Dungeon Crawl Stone Soup version 0.27.0-1-g7a089689b8 (webtiles) character file.

Game seed: 11955051880225915687

430 bnorton916 the Conjurer (level 6, -10/32 HPs)
             Began as a Deep Elf Conjurer on Aug 14, 2021.
             Was an Initiate of Sif Muna.
             Mangled by a warg (15 damage)
             ... led by the fury of Okawaru
             ... on level 4 of the Dungeon.
             The game lasted 00:09:43 (6112 turns).

bnorton916 the Conjurer (Deep Elf Conjurer)         Turns: 6112, Time: 00:09:43

Health: -10/32     AC:  3    Str:  4    XL:     6   Next: 66%
Magic:  8/15       EV: 13    Int: 25    God:    Sif Muna [......]
Gold:   35         SH:  5    Dex: 19    Spells: 4/15 levels left

rFire    . . .     SeeInvis .   (no weapon)
rCold    . . .     Faith    .   (no shield)
rNeg     . . .     Spirit   .   a - +0 robe
rPois    .         Reflect  +   (no helmet)
rElec    .         Harm     .   (no cloak)
rCorr    .         Rampage  .   (no gloves)
Will     .....                  s - +0 pair of boots {Fly}
Stlth    ++........             o - amulet of reflection
HPRegen  0.10/turn              h - +6 ring of dexterity
MPRegen  0.14/turn              (no ring)

@: flying, very slightly contaminated
A: no striking features
a: Renounce Religion


You were on level 4 of the Dungeon.
You worshipped Sif Muna.
Sif Muna was noncommittal.
You visited 1 branch of the dungeon, and saw 5 of its levels.
You also visited: Ossuary.

You collected 221 gold pieces.
You spent 186 gold pieces at shops.

Inventory:

Hand Weapons
 v - a +2 dagger of speed
Missiles
 b - 175 stones
Armour
 a - a +0 robe (worn)
 s - a +0 pair of boots of flying (worn)
 u - a +0 buckler
Jewellery
 h - a +6 ring of dexterity (left hand)
 o - an amulet of reflection (around neck)
 r - an amulet of the acrobat
Scrolls
 d - 2 scrolls of enchant armour {unknown}
 f - a scroll of identify
 g - a scroll of fog
 l - a scroll of noise {unknown}
 m - a scroll of teleportation
 n - 3 scrolls of enchant weapon {unknown}
 p - a scroll of vulnerability {unknown}
 t - a scroll of magic mapping {unknown}
Potions
 c - 2 potions of flight {unknown}
 e - 2 potions of brilliance {unknown}
 i - a potion of degeneration
 j - a potion of cancellation
 k - 3 potions of curing
 q - a potion of might {unknown}


   Skills:
 - Level 2.4 Dodging
 - Level 2.4 Stealth
 - Level 5.3 Spellcasting
 - Level 5.7 Conjurations
 + Level 4.3 Hexes
 + Level 3.6 Translocations


You had 4 spell levels left.
You knew the following spells:

 Your Spells              Type           Power      Damage    Failure   Level
a - Magic Dart            Conj           100%       1d8       1%          1
b - Searing Ray           Conj           70%        3d5       1%          2
c - Fulminant Prism       Conj/Hex       16%        3d11      10%         4
d - Iskenderun's Mystic   Conj/Tloc      30%        2d8       12%         4

Your spell library contained the following spells:

 Spells                   Type           Power      Damage    Failure   Level
 Dazzling Flash           Conj/Hex       64%        N/A       3%          3
 Portal Projectile        Hex/Tloc       52%        N/A       4%          3
 Call Canine Familiar     Summ           6%         N/A       24%         3
 Leda's Liquefaction      Hex/Erth       8%         N/A       32%         4


Dungeon Overview and Level Annotations

Branches:
Dungeon (5/15)            Ossuary (visited)
 Temple: D:4-7

Altars:
Dithmenos
Okawaru
Sif Muna

Shops:
D:2 *


Message History

There is a stone staircase leading up here.
The warg barely misses you.
You fly upwards.
There is a stone staircase leading down here.
Casting: Magic Dart (safe; 1% risk of failure)
Confirm with . or Enter, or press ? or * to list all spells.
Aiming: Searing Ray (safe; 1% risk of failure)
Press: ? - help, Shift-Dir - straight line, f - warg
Aim: a warg (durably summoned, 76% to hit)
You miscast Searing Ray.
You are very lightly contaminated with residual magic.
Nothing appears to happen.
The warg closely misses you. You block the warg's attack.
The warg closely misses you.
Unknown command.
Casting: Searing Ray (safe; 1% risk of failure)
Confirm with . or Enter, or press ? or * to list all spells.
Aiming: Searing Ray (safe; 1% risk of failure)
Press: ? - help, Shift-Dir - straight line, f/p - warg
Aim: a warg (durably summoned, 76% to hit)
The searing ray hits the warg.
The warg is lightly wounded. (Press . to maintain the ray.)
The warg bites you.
* * * LOW HITPOINT WARNING * * *
You feel better. The warg completely misses you. The warg bites you.
* * * LOW HITPOINT WARNING * * *
Casting: Searing Ray (safe; 1% risk of failure)
Confirm with . or Enter, or press ? or * to list all spells.
Aiming: Searing Ray (safe; 1% risk of failure)
Press: ? - help, Shift-Dir - straight line, f/p - warg
Aim: a warg (lightly wounded, durably summoned, 76% to hit)
The searing ray hits the warg!
The warg is moderately wounded. (Press . to maintain the ray.)
You block the warg's attack.
The searing ray hits the warg!
The warg is severely wounded.
The warg bites you!
You die...

#.### #.#.. #.#.#
##.#.# #.....
######### #.##.#
#.......# #.##.#
#.#####.## #.##..
#.##..@h.##### #.####
#.##.##......# ##.####
#.##.##.####.#
##...... #.......#
#.###.###.## ####.####
#....## ##.# #.#
###.## ##.
#.########...## ##.#
#...##.....##.###.##
#####.##.....###.#..##


You could see a warg.

Vanquished Creatures
  A scorpion (D:4)
  A water moccasin skeleton (D:5)
  2 centaur zombies (Ossuary)
  An iguana (D:4)
  A human zombie (Ossuary)
  An orc wizard (D:4)
  2 hound skeletons (D:4)
  2 mummies (Ossuary)
  An adder (D:2)
  2 adder zombies (Ossuary)
  3 worms
  A dart slug (D:4)
  3 bats
  8 endoplasms
  4 giant cockroaches
  9 goblins
  5 hobgoblins
  4 jackals
  9 kobolds
  4 quokkas
  4 ball pythons
  A ball python skeleton (D:2)
  7 frilled lizards
  A giant cockroach zombie (D:2)
  3 goblin zombies (Ossuary)
  9 hobgoblin zombies (Ossuary)
  7 kobold zombies (Ossuary)
  10 orc zombies (Ossuary)
  A quokka skeleton (D:2)
  6 rats
  3 rat zombies
116 creatures vanquished.

Notes
Turn   | Place    | Note
-------+----------+-------------------------------------------
     0 | D:1      | bnorton916 the Deep Elf Conjurer began the quest for the
                  | Orb.
     0 | D:1      | Reached XP level 1. HP: 10/10 MP: 6/6
   119 | D:1      | Found a faded altar of an unknown god.
   125 | D:1      | Became a worshipper of Warmaster Okawaru
   125 | D:1      | Reached * piety under Okawaru
   176 | D:1      | Reached XP level 2. HP: 15/15 MP: 0/8
   348 | D:1      | You fall into a shaft and drop 1 floor!
   618 | D:1      | Reached skill level 5 in Conjurations
   618 | D:1      | Reached XP level 3. HP: 19/19 MP: 3/10
  1161 | D:2      | Found Lueket's General Store.
  1169 | D:2      | Bought a scroll of fog for 24 gold pieces
  1169 | D:2      | Bought a scroll of identify for 24 gold pieces
  1401 | D:2      | Learned a level 2 spell: Searing Ray
  2535 | D:3      | Reached XP level 4. HP: 24/24 MP: 7/12
  2825 | D:3      | Found a shadowy altar of Dithmenos.
  2935 | D:3      | You fall into a shaft and drop 1 floor!
  3022 | D:4      | Reached skill level 5 in Spellcasting
  3145 | D:4      | Found a sand-covered staircase.
  3155 | Ossuary  | Entered an ossuary
  3250 | Ossuary  | Learned a level 4 spell: Fulminant Prism
  3255 | Ossuary  | Learned a level 4 spell: Iskenderun's Mystic Blast
  3666 | Ossuary  | Reached XP level 5. HP: 28/28 MP: 10/14
  3837 | Ossuary  | Reached skill level 1 in Hexes
  3837 | Ossuary  | Reached skill level 1 in Translocations
  4446 | Ossuary  | Reached XP level 6. HP: 28/32 MP: 11/15
  5010 | D:2      | Bought a +0 pair of boots of flying for 138 gold pieces
  5783 | D:4      | Found a shimmering blue altar of Sif Muna.
  5848 | D:5      | Entered Level 5 of the Dungeon
  5947 | D:4      | Fell from the grace of Okawaru
  5947 | D:4      | Became a worshipper of Sif Muna the Loreminder
  6092 | D:5      | Noticed an orc knight
  6092 | D:5      | Noticed an orc warrior
  6092 | D:5      | Noticed an orc warrior
  6092 | D:5      | Noticed an orc knight
  6092 | D:5      | Noticed an orc warrior
  6092 | D:5      | Noticed a warg
  6092 | D:5      | Noticed a troll
  6092 | D:5      | Noticed an orc warrior
  6112 | D:4      | Mangled by a warg

Illustrated notes

Levels and vault maps discovered:
D:1:      psy_arrival_statuary, layout_loops_ring, ebering_ecumenical_altar_box,
          chequers_mini_garden
D:2:      kennysheep_big_flooded_room, layout_loops_ring, serial_shops, shop,
          serial_undead, serial_undead_d, serial_undead_d, serial_undead_e,
          serial_undead_f, serial_undead_e, serial_undead_a, st_stairs_7,
          kennysheep_generic_room_7
D:3:      layout_rooms, mainiacjoe_overflow_24_doors,
          chequers_serial_rivers_micro_a, minmay_misc_feat_nine_boxes
D:4:      layout_loops_cross, tgw_sif, enter_ossuary_3, minmay_misc_feat_rugged,
          kennysheep_generic_room_2
D:5:      layout_layer_cave, minmay_temple_entry_statues_fountains,
          grunt_ministairs_8, uniq_sigmund, uniq_grinder, uniq_menkaure

Skill      XL: |  1  2  3  4  5  6 |
---------------+-------------------+-----
Spellcasting   | 4 5 |  5.3
Conjurations   | 5 |  5.7
Hexes          | 3 4 |  4.3
Translocations | 2 3 |  3.6
Dodging        | |  2.4
Stealth        | |  2.4

Action                   |  1- 3 |  4- 6 || total
-------------------------+-------+-------++-------
Melee: Unarmed           |       |     6 ||     6
 Cast: Magic Dart        |   106 |   122 ||   228
       Searing Ray       |     2 |    21 ||    23
  Use: Scroll            |       |     8 ||     8
       Potion            |       |     3 ||     3
Armor: Robe              |     2 |    11 ||    13
Dodge: Dodged            |     2 |    62 ||    64
Block: Other             |       |    22 ||    22
